 Dungeon Crawl Stone Soup version 0.23.2-1-ga50397a (webtiles) character file.

Game seed: 507517644784853873

172 Kairos the Shooter (level 5, -1/42 HPs)
             Began as a Centaur Hunter on Apr 23, 2019.
             Killed from afar by Natasha (8 damage)
             ... with a wand of flame (6)
             ... on level 3 of the Dungeon.
             The game lasted 00:04:39 (2044 turns).

Kairos the Shooter (Centaur Hunter)                 Turns: 2044, Time: 00:04:40

Health: -1/42      AC:  6    Str: 14      XL:     5   Next: 27%
Magic:  5/5        EV:  9    Int: 10      God:
Gold:   106        SH:  0    Dex:  7 (9)  Spells: 4/4 levels left

rFire    . . .     SeeInvis .   a - +1 shortbow
rCold    . . .     Gourm    .   (shield currently unavailable)
rNeg     + . .     Faith    .   c - +0 leather armour
rPois    .         Spirit   .   (helmet restricted)
rElec    .         Reflect  .   (no cloak)
rCorr    .         Harm     .   (no gloves)
MR       .....                  (no barding)
Stlth    +.........             (no amulet)
HPRegen  0.14/turn              p - ring of positive energy
MPRegen  0.09/turn              (no ring)

@: very quick
A: large, hooves 3, horns 1, yellow scales 1, deformed body, speed 2, tough skin
3, weak 1
a: no special abilities


You were on level 3 of the Dungeon.
You were near starving.

You visited 1 branch of the dungeon, and saw 3 of its levels.

You collected 106 gold pieces.

Inventory:

Hand Weapons
 a - a +1 shortbow (weapon)
 b - a +0 short sword
 j - a +2 whip of venom
Missiles
 d - 9 arrows (quivered)
Armour
 c - a +0 leather armour (worn)
Jewellery
 p - a ring of positive energy (left hand)
Scrolls
 e - a scroll of immolation
 g - 4 scrolls of remove curse
 h - a scroll of random uselessness {unknown}
 i - 2 scrolls of enchant weapon {unknown}
 m - a scroll of magic mapping {unknown}
 o - a scroll of teleportation {unknown}
Potions
 n - a potion of might
Comestibles
 f - 3 rations


   Skills:
 + Level 2.7 Fighting
 + Level 7.8 Bows
 + Level 0.9 Armour
 + Level 1.5 Dodging
 + Level 0.6 Stealth


You had 4 spell levels left.
You didn't know any spells.
Your spell library was empty.

Dungeon Overview and Level Annotations

Branches:
Dungeon (3/15)

Altars:
Gozag
The Shining One

Annotations:
D:3 Natasha


Innate Abilities, Weirdness & Mutations

You have hooves in place of feet.
Armour fits poorly on your strangely shaped body.
You cover ground very quickly.
You have extremely tough skin. (AC +3)
You have a pair of small horns on your head.
You are partially covered in yellow scales. (AC +2)
You are weak. (Str -2)


Message History

Aim: Natasha, carrying a wand of flame (6)
You shoot an arrow. The arrow barely misses Natasha.
Firing (i - inventory)
d - 12 arrows (quivered)
Press: ? - help, Shift-Dir - straight line, f/p - Natasha
Aim: Natasha, carrying a wand of flame (6)
You shoot an arrow. The arrow misses Natasha.
You see here a hand axe.
Firing (i - inventory)
d - 11 arrows (quivered)
Press: ? - help, Shift-Dir - straight line, f/p - Natasha
Aim: Natasha, carrying a wand of flame (6)
You shoot an arrow. The arrow hits Natasha!
Natasha is heavily wounded.
Firing (i - inventory)
d - 10 arrows (quivered)
Press: ? - help, Shift-Dir - straight line, f/p - Natasha
Aim: Natasha, carrying a wand of flame (6) (heavily wounded)
You shoot an arrow.
The arrow hits Natasha but does no damage.
Natasha is heavily wounded.
Natasha zaps a wand.
The puff of flame hits you!
You die...

.....##.######## ####
....(...รท>.# .(..(..)...#
(..........# (..........#
(..........# ...........#
..........(##################
.####.......h...@.(.........#
.# #.....################.##
.# #...### #.# ## ##..# #.#
#..# #.# ..... #.## ........
#..# #......... #.##
#.......... #.#


You could see Natasha.

Vanquished Creatures
  An ogre (D:3)
  4 adders
  A worm (D:2)
  2 dart slugs
  A leopard gecko (D:2)
  An orc (D:3)
  6 giant cockroaches
  3 goblins
  4 hobgoblins
  9 bats
  4 frilled lizards
  6 kobolds
  5 rats
47 creatures vanquished.

Notes
Turn   | Place    | Note
-------+----------+-------------------------------------------
     0 | D:1      | Kairos the Centaur Hunter began the quest for the Orb.
     0 | D:1      | Reached XP level 1. HP: 17/17 MP: 1/1
    85 | D:1      | Reached XP level 2. HP: 14/24 MP: 2/2
   160 | D:1      | Reached skill level 6 in Bows
   843 | D:2      | Reached XP level 3. HP: 29/29 MP: 3/3
  1011 | D:2      | Found an opulent altar of Gozag.
  1134 | D:2      | Found a glowing golden altar of the Shining One.
  1528 | D:2      | Gained mutation: You have a pair of small horns on your
                  | head. [potion of mutation]
  1528 | D:2      | Gained mutation: You are weak. (Str -2) [potion of
                  | mutation]
  1528 | D:2      | Gained mutation: You are partially covered in yellow
                  | scales. (AC +2) [potion of mutation]
  1613 | D:3      | Reached XP level 4. HP: 34/37 MP: 4/4
  1625 | D:3      | Reached skill level 7 in Bows
  1650 | D:3      | Noticed Natasha
  1925 | D:3      | Noticed an ogre
  1996 | D:3      | Killed an ogre
  1996 | D:3      | Reached XP level 5. HP: 17/42 MP: 5/5
  2044 | D:3      | Killed from afar by Natasha

Skill      XL: |  1  2  3  4 |
---------------+-------------+-----
Bows           | 6 7 |  7.8
Fighting       | |  2.7
Armour         | |  0.9
Dodging        | |  1.5
Stealth        | |  0.6

Action                   |  1- 3 |  4- 6 || total
-------------------------+-------+-------++-------
 Fire: Shortbow          |   126 |    40 ||   166
  Use: Scroll            |     5 |       ||     5
       Potion            |     3 |       ||     3
Armor: Leather armour    |    22 |    11 ||    33
Dodge: Dodged            |    31 |     6 ||    37
